 Dungeon Crawl Stone Soup version 0.28-a0-697-g47f3eba078 (webtiles) character file.

Game seed: 13572276513204580313

597 olmar the Insei (level 7, -9/52 HPs)
             Began as a Gnoll Transmuter on Oct 23, 2021.
             Mangled by an ogre (26 damage)
             ... on level 4 of the Dungeon.
             The game lasted 00:07:35 (4046 turns).

olmar the Insei (Gnoll Transmuter)                  Turns: 4046, Time: 00:07:36

Health: -9/52      AC:  3    Str:  6 (9)  XL:     7   Next: 40%
Magic:  20/24      EV: 14    Int: 13 (14) God:
Gold:   109        SH:  0    Dex: 13      Spells: 11/17 levels left

rFire   . . .      SeeInvis .   k - +1 mace (drain)
rCold   . . .      Faith    .   (no shield)
rNeg    . . .      Spirit   .   a - +0 robe
rPois   .          Reflect  .   (helmet currently unavailable)
rElec   .          Harm     .   g - +0 cloak
rCorr   .          Rampage  .   (no gloves)
Will    .....                   (boots currently unavailable)
Stlth   ++........              (no amulet)
HPRegen 0.17/turn               i - ring of magical power
MPRegen 0.19/turn               (no ring)

@: appendages, wereblooded, very slightly contaminated
A: horns 2, talons 2, fangs 1, strong nose, distributed training
a: End Transformation


You were on level 4 of the Dungeon.
You had temporarily grown beastly horns and talons.
You visited 1 branch of the dungeon, and saw 4 of its levels.
You also visited: Sewer.

You collected 109 gold pieces.

Inventory:

Hand Weapons
 k - a +1 mace of draining (weapon)
 o - a +0 hand crossbow
Missiles
 p - 13 bolts
Armour
 a - a +0 robe (worn)
 d - a +0 chain mail
 g - a +0 cloak (worn)
Jewellery
 i - a ring of magical power (left hand)
Scrolls
 b - 6 scrolls of identify
 e - a scroll of enchant weapon
 h - a scroll of magic mapping {unknown}
 n - a scroll of vulnerability {unknown}
 s - a scroll of noise {unknown}
 u - a scroll of teleportation {unknown}
Potions
 c - a potion of resistance {unknown}
 f - a potion of curing
 j - a potion of mutation {unknown}
 l - a potion of attraction {unknown}
 m - 2 potions of brilliance {unknown}
 q - 3 potions of flight
 r - a potion of haste {unknown}


   Skills:
 + Level 3.6 Fighting
 + Level 2.4 Short Blades
 + Level 2.4 Long Blades
 + Level 2.4 Axes
 + Level 2.4 Maces & Flails
 + Level 2.4 Polearms
 + Level 2.4 Staves
 + Level 2.4 Slings
 + Level 2.4 Bows
 + Level 2.4 Crossbows
 + Level 2.4 Throwing
 + Level 2.4 Armour
 + Level 5.2 Dodging
 + Level 2.4 Stealth
 + Level 2.4 Shields
 + Level 7.0 Unarmed Combat
 + Level 5.6 Spellcasting
 + Level 2.0 Conjurations
 + Level 2.0 Hexes
 + Level 2.0 Summonings
 + Level 2.0 Necromancy
 + Level 2.0 Translocations
 + Level 4.3 Transmutations
 + Level 2.0 Fire Magic
 + Level 2.0 Ice Magic
 + Level 2.0 Air Magic
 + Level 2.0 Earth Magic
 + Level 2.0 Poison Magic
 + Level 2.7 Invocations
 + Level 2.4 Evocations


You had 11 spell levels left.
You knew the following spells:

 Your Spells              Type           Power      Damage    Failure   Level
a - Beastly Appendage     Tmut           28%        N/A       3%          1
b - Wereblood             Tmut           14%        N/A       4%          2
c - Spider Form           Tmut/Pois      5%         N/A       14%         3

Your spell library contained the following spells:

 Spells                   Type           Power      Damage    Failure   Level
 Animate Skeleton         Necr           16%        N/A       8%          1
 Apportation              Tloc           16%        N/A       8%          1
 Summon Small Mammal      Summ           32%        N/A       8%          1
 Sublimation of Blood     Necr           4%         N/A       12%         2
 Ice Form                 Ice/Tmut       11%        N/A       43%         4
 Summon Hydra             Summ           4%         N/A       100%        7


Dungeon Overview and Level Annotations

Branches:
Dungeon (4/15)              Sewer (visited)
 Temple: D:4-7

Altars:

Shops:
D:1 *   D:3 :   D:4 *

Annotations:
D:2 1 runed translucent door, Crazy Yiuf


Innate Abilities, Weirdness & Mutations

You have temporarily grown beastly horns and talons.
You have very sharp teeth.
Your uncanny sense of smell can sniff out nearby items.
Your experience applies equally to all skills.


Message History

Confirm with . or Enter, or press ? or * to list all spells.
Your blood is infused with primal strength.
You feel sick. The adder barely misses you.
You hit the adder. You drain the adder. You claw the adder.
You feel a bit better.
You kill the adder!
You feel sick. The ogre hits you with a +0 giant club!
Unknown command.
Unknown command.
Casting: Wereblood (safe; 4% risk of failure)
Confirm with . or Enter, or press ? or * to list all spells.
You miscast Spider Form.
You are very lightly contaminated with residual magic.
Nothing appears to happen.
You feel sick.
Unknown command.
You hit the ogre.
The ogre is lightly wounded.
You feel sick.
You are no longer poisoned.
The ogre misses you.
Unknown command.
Unknown command.
The goblin shouts!
You hit the ogre. You claw the ogre, but do no damage.
The ogre is lightly wounded.
You howl as the wereblood boils in your veins!
The ogre barely misses you.
Unknown command.
Unknown command.
You hit the ogre. You drain the ogre. Your bite misses the ogre.
The ogre is moderately wounded.
The ogre hits you with a +0 giant club!!
* * * LOW HITPOINT WARNING * * *
Unknown command.
Okay, then.
Okay, then.
You feel better.
The ogre hits you with a +0 giant club!!
Ouch! That really hurt!
You die...

########### #..........
#.......... #..g.......
#..........
####.......... ###
###.O†.......... ..#
#..@##.......... ..#
#####....####....>.....
#.#
#.....#########.#######
#.# #.### ##...###.#
#.# ##.# ##........#
..####..#####.......###
#..........##.≈≈≈≈..#
..#..#........≈.....#
....#.........≈≈≈≈.##


You could see an ogre (drained) and a goblin.

Vanquished Creatures
  Grinder (D:4)
  An ogre (D:4)
  A kobold brigand (Sewer)
  An iguana (D:4)
  Ijyb (D:4)
  Natasha (thrice) (D:4)
  A gnoll (D:1)
  2 river rats
  An adder (D:4)
  2 worms (D:2)
  A dart slug (D:1)
  8 orcs
  7 endoplasms
  3 giant cockroaches
  8 goblins
  7 hobgoblins
  2 jackals
  5 kobolds
  2 quokkas
  7 ball pythons
  3 bats
  2 frilled lizards
  13 rats
82 creatures vanquished.

Notes
Turn   | Place    | Note
-------+----------+-------------------------------------------
     0 | D:1      | olmar the Gnoll Transmuter began the quest for the Orb.
     0 | D:1      | Reached XP level 1. HP: 17/17 MP: 6/6
   149 | D:1      | Found Noppax's Assorted Antiques.
   163 | D:1      | Reached XP level 2. HP: 23/23 MP: 5/7
   345 | D:1      | Reached XP level 3. HP: 12/28 MP: 9/9
   557 | D:1      | Reached skill level 5 in Spellcasting
   931 | D:1      | Reached skill level 1 in Invocations
  1361 | D:2      | Reached skill level 1 in Short Blades
  1361 | D:2      | Reached skill level 1 in Long Blades
  1361 | D:2      | Reached skill level 1 in Axes
  1361 | D:2      | Reached skill level 1 in Maces & Flails
  1361 | D:2      | Reached skill level 1 in Polearms
  1361 | D:2      | Reached skill level 1 in Staves
  1361 | D:2      | Reached skill level 1 in Slings
  1361 | D:2      | Reached skill level 1 in Bows
  1361 | D:2      | Reached skill level 1 in Crossbows
  1361 | D:2      | Reached skill level 1 in Throwing
  1361 | D:2      | Reached skill level 1 in Armour
  1361 | D:2      | Reached skill level 1 in Stealth
  1361 | D:2      | Reached skill level 1 in Shields
  1361 | D:2      | Reached skill level 1 in Evocations
  1368 | D:2      | Learned a level 2 spell: Wereblood
  1573 | D:2      | Reached XP level 4. HP: 34/34 MP: 11/11
  1680 | D:2      | Found a runed translucent door.
  1681 | D:2      | Noticed Crazy Yiuf
  2064 | D:3      | Found Ivuvvama's Book Emporium.
  2337 | D:3      | Found a faded altar of an unknown god.
  2679 | D:3      | Found a glowing drain.
  2690 | D:3      | Reached skill level 1 in Conjurations
  2690 | D:3      | Reached skill level 1 in Hexes
  2690 | D:3      | Reached skill level 1 in Summonings
  2690 | D:3      | Reached skill level 1 in Necromancy
  2690 | D:3      | Reached skill level 1 in Translocations
  2690 | D:3      | Reached skill level 1 in Fire Magic
  2690 | D:3      | Reached skill level 1 in Ice Magic
  2690 | D:3      | Reached skill level 1 in Air Magic
  2690 | D:3      | Reached skill level 1 in Earth Magic
  2690 | D:3      | Reached skill level 1 in Poison Magic
  2695 | Sewer    | Entered a sewer
  2746 | Sewer    | Noticed a kobold brigand
  2766 | Sewer    | Killed a kobold brigand
  2767 | Sewer    | Reached XP level 5. HP: 25/41 MP: 12/12
  2890 | Sewer    | Found a white marble altar of Elyvilon.
  3327 | D:4      | Noticed Ijyb
  3329 | D:4      | Paralysed by Ijyb for 5 turns
  3341 | D:4      | Paralysed by Ijyb for 4 turns
  3343 | D:4      | Noticed an ogre
  3345 | D:4      | Killed Ijyb
  3355 | D:4      | Killed an ogre
  3356 | D:4      | Reached XP level 6. HP: 40/47 MP: 14/14
  3409 | D:4      | Noticed Natasha
  3416 | D:4      | Killed Natasha
  3417 | D:4      | Reached skill level 5 in Dodging
  3425 | D:4      | Found Len Vozue's Assorted Antiques.
  3492 | D:4      | Noticed Grinder
  3507 | D:4      | Killed Grinder
  3508 | D:4      | Reached skill level 7 in Unarmed Combat
  3508 | D:4      | Reached XP level 7. HP: 18/52 MP: 15/15
  3730 | D:4      | Learned a level 3 spell: Spider Form
  3764 | D:4      | Noticed Natasha
  3778 | D:4      | Killed Natasha
  3840 | D:4      | Noticed Natasha
  3847 | D:4      | Killed Natasha
  4046 | D:4      | Mangled by an ogre

Illustrated notes

Levels and vault maps discovered:
D:1:      beargit_arrival_diablo_church, layout_basic, serial_shops, shop,
          minmay_pentomino_w2
D:2:      layout_basic, uniq_crazy_yiuf_cottage
D:3:      layout_basic, serial_shops, shop, portal_sewer_entry_b,
          ebering_ecumenical_altar_abandoned
D:4:      layout_rooms, serial_shops, nicolae_shop_crystal,
          chequers_serial_rivers_micro_d, hex_intersection, uniq_ijyb,
          uniq_grinder, uniq_natasha

Skill      XL: |  1  2  3  4  5  6  7 |
---------------+----------------------+-----
Spellcasting   | 5 |  5.6
Invocations    | 1 2 |  2.7
Short Blades   | 1 2 |  2.4
Long Blades    | 1 2 |  2.4
Axes           | 1 2 |  2.4
Maces & Flails | 1 2 |  2.4
Polearms       | 1 2 |  2.4
Staves         | 1 2 |  2.4
Slings         | 1 2 |  2.4
Bows           | 1 2 |  2.4
Crossbows      | 1 2 |  2.4
Throwing       | 1 2 |  2.4
Armour         | 1 2 |  2.4
Stealth        | 1 2 |  2.4
Shields        | 1 2 |  2.4
Evocations     | 1 2 |  2.4
Conjurations   | 1 2 |  2.0
Hexes          | 1 2 |  2.0
Summonings     | 1 2 |  2.0
Necromancy     | 1 2 |  2.0
Translocations | 1 2 |  2.0
Fire Magic     | 1 2 |  2.0
Ice Magic      | 1 2 |  2.0
Air Magic      | 1 2 |  2.0
Earth Magic    | 1 2 |  2.0
Poison Magic   | 1 2 |  2.0
Fighting       | 3 |  3.6
Transmutations | 4 |  4.3
Dodging        | 5 |  5.2
Unarmed Combat | 7 |  7.0

Action                   |  1- 3 |  4- 6 |  7- 9 || total
-------------------------+-------+-------+-------++-------
Melee: Unarmed           |    92 |    87 |    10 ||   189
       Headbutt          |     9 |     9 |       ||    18
       Kick              |    14 |    15 |     5 ||    34
       Bite              |     9 |     6 |     3 ||    18
       Punch             |     3 |     4 |     1 ||     8
       Mace              |       |    31 |    18 ||    49
 Fire: Hand crossbow     |       |     1 |       ||     1
 Cast: Beastly Appendage |    15 |    10 |     2 ||    27
       Wereblood         |       |     3 |     1 ||     4
Evoke: Wand              |       |     2 |       ||     2
  Use: Scroll            |       |     2 |       ||     2
       Potion            |       |     4 |     1 ||     5
 Stab: Sleeping          |     2 |     1 |     1 ||     4
       Paralysed         |       |     5 |       ||     5
Armor: Robe              |    13 |    21 |     3 ||    37
Dodge: Dodged            |    53 |    91 |    24 ||   168

Table legend: (Time is in decaauts)
 A = Elapsed time spent in this place.
 B = Non-inter-level travel time spent in this place.
 C = Inter-level travel time spent in this place.
 D = Time resting spent in this place.
 E = Time spent auto-exploring this place.
 F = Levels seen in this place.
 G = Mean time per level.
                   A        B        C        D        E       F      G
               +--------+--------+--------+--------+--------+-----+--------+
         Total |   4081 |   3739 |    342 |    100 |   2590 |   5 |  816.2 |
       Dungeon |   3744 |   3402 |    342 |      0 |   2496 |   4 |  936.0 |
         Sewer |    336 |    336 |      0 |    100 |     93 |   1 |  336.0 |
               +--------+--------+--------+--------+--------+-----+--------+

Top non-repeatable levels by time:
     D:1: 1100 daAuts
     D:3: 1045 daAuts
     D:2: 866 daAuts
     D:4: 732 daAuts
   Sewer: 336 daAuts
